 Dungeon Crawl Stone Soup version 0.28.0-53-g5a82cb258f (webtiles) character file.

Game seed: 9829591814978994585

3971 Peloso the Carver (level 10, -12/86 (88) HPs)
             Began as a Minotaur Fighter on June 6, 2022.
             Was an Initiate of Okawaru.
             Mangled by a polar bear simulacrum (15 damage)
             ... on level 9 of the Dungeon.
             The game lasted 00:14:19 (9789 turns).

Peloso the Carver (Minotaur Fighter)                Turns: 9789, Time: 00:14:19

HP:   -12/86 (88)   AC: 16    Str: 23    XL:     10   Next: 2%
MP:   9/9           EV:  7    Int:  5    God:    Okawaru [......]
Gold: 409           SH:  5    Dex: 12    Spells: 9/9 levels left

rFire   . . .      SeeInvis .   a - +0 long sword
rCold   . . .      Faith    .   c - +0 buckler
rNeg    + . .      Spirit   .   f - +0 plate armour
rPois   .          Reflect  .   (helmet restricted)
rElec   .          Harm     .   (no cloak)
rCorr   .          Rampage  .   (no gloves)
Will    .....                   G - +0 pair of boots
Stlth   ..........              (no amulet)
HPRegen 0.24/turn               u - ring of positive energy
MPRegen 0.11/turn               A - ring of flight

@: flying, lightly drained
A: horns 2, retaliatory headbutt
a: Renounce Religion


You were on level 9 of the Dungeon.
You worshipped Okawaru.
Okawaru was noncommittal.
You visited 2 branches of the dungeon, and saw 10 of its levels.

You collected 409 gold pieces.

Inventory:

Hand Weapons
 a - a +0 long sword (weapon)
 B - the +5 hand crossbow "Vaejal" {venom, rElec rF+ Dex-4}
   (You found it on level 5 of the Dungeon)

   Any ammunition fired from it poisons the flesh of those it strikes.
   Dex:       It affects your dexterity (-4).
   rF:        It protects you from fire.
   rElec:     It insulates you from electricity.
Missiles
 j - 3 throwing nets (quivered)
Armour
 b - a +0 scale mail
 c - a +0 buckler (worn)
 f - a +0 plate armour (worn)
 G - a +0 pair of boots (worn)
Jewellery
 u - a ring of positive energy (left hand)
 A - a ring of flight (right hand)
 D - a ring of protection from cold
Wands
 w - a wand of flame (22)
 H - a wand of polymorph (4)
Scrolls
 e - 4 scrolls of teleportation
 g - 4 scrolls of immolation
 i - 4 scrolls of noise
 m - 2 scrolls of silence {unknown}
 n - 3 scrolls of enchant weapon {unknown}
 s - 3 scrolls of amnesia {unknown}
 t - 2 scrolls of blinking
 v - a scroll of fear {unknown}
 x - a scroll of magic mapping {unknown}
 y - a scroll of torment {unknown}
 C - a scroll of identify
 F - a scroll of fog {unknown}
Potions
 d - a potion of might
 h - a potion of flight {unknown}
 k - a potion of ambrosia
 l - 3 potions of curing
 o - a potion of brilliance
 p - a potion of haste {unknown}
 q - a potion of lignification {unknown}
 r - 3 potions of cancellation
 z - a potion of attraction {unknown}
 E - a potion of resistance


   Skills:
 + Level 8.0 Fighting
 + Level 11.0 Long Blades
 + Level 10.6 Armour
 + Level 1.9 Dodging
 + Level 0.3 Stealth
 + Level 6.2 Shields
 + Level 0.6 Evocations


You had 9 spell levels left.
You didn't know any spells.
Your spell library contained the following spells:

 Spells                   Type           Power      Damage    Failure   Level
 Apportation              Tloc           0%         N/A       100%        1
 Magic Dart               Conj           0%         1d3       100%        1
 Searing Ray              Conj           0%         2d4       100%        2
 Sublimation of Blood     Necr           0%         N/A       100%        2
 Wereblood                Tmut           0%         N/A       100%        2
 Fulminant Prism          Conj/Hex       0%         3d6       100%        4
 Eringya's Noxious Bog    Tmut/Pois      0%         N/A       100%        6
 Animate Skeleton         Necr           Unusable   N/A       N/A         1
 Summon Small Mammal      Summ           Unusable   N/A       N/A         1
 Summon Forest            Summ/Tloc      Unusable   N/A       N/A         5
 Summon Hydra             Summ           Unusable   N/A       N/A         7

Dungeon Overview and Level Annotations

Branches:
Dungeon (9/15)             Temple (1/1) D:6            Lair (0/6) D:9
    Orc: D:9-12

Altars:
Ashenzari
Cheibriados
Dithmenos
Elyvilon
Fedhas
Gozag
Hepliaklqana
Kikubaaqudgha
Nemelex Xobeh
Okawaru
Qazlal
Ru
Sif Muna
Trog
Uskayaw
Vehumet
Wu Jian
Xom
Yredelemnul
The Shining One

Shops:
D:7 [

Annotations:
D:8 Harold
D:9 3 runed translucent doors, Sobaton's ghost, novice MiFi


Innate Abilities, Weirdness & Mutations

You have a pair of horns on your head.
You reflexively headbutt those who attack you in melee.


Message History

The necromancer is almost dead.
The yak simulacrum gores the plant!
The plant begins to die.
The yak simulacrum freezes the plant!
The necromancer hits you but does no damage.
You hit the necromancer but do no damage.
The necromancer is almost dead.
The polar bear simulacrum bites you!
* * * LOW HITPOINT WARNING * * *
The polar bear simulacrum freezes you!
* * * LOW HITPOINT WARNING * * *
You block the polar bear simulacrum's attack.
The polar bear simulacrum claws you but does no damage.
The necromancer hits you but does no damage.
The yak simulacrum gores the plant.
The yak simulacrum freezes the plant!!
You feel better.
The necromancer hits you but does no damage.
The polar bear simulacrum completely misses you.
The polar bear simulacrum claws you but does no damage.
The polar bear simulacrum barely misses you.
The yak simulacrum gores the plant!
The yak simulacrum freezes the plant!
Okay, then.
You feel better.
The necromancer hits you with a +0 dagger.
* * * LOW HITPOINT WARNING * * *
You block the polar bear simulacrum's attack.
The polar bear simulacrum claws you but does no damage. x2
Unknown command.
You hit the necromancer.
The necromancer is almost dead.
A nearby plant withers and dies.
The necromancer points at you and mumbles some strange words.
Your body is wracked with pain!
* * * LOW HITPOINT WARNING * * *
Unknown command.
You closely miss the necromancer. Your headbutt misses the necromancer.
The necromancer is almost dead.
The polar bear simulacrum bites you!
* * * LOW HITPOINT WARNING * * *
The polar bear simulacrum freezes you!
You die...

########.# #.####.##
#........# #.# #.##
#.....)..## #.####...
#####.........###........
..........##.............
#####.P....#.###.........
#.⌠..#.#.##..........
#..Z...#.##.#........
#.Zp@................
##'#....<....#[......
...#.........###.....
.....#..........<......
#/#..p.#.............#...
# #..Z.#.##.#.......##...
#######.##.....###.##...
...................#....
.........##.............


You could see a necromancer, a yak simulacrum and a polar bear simulacrum.

Vanquished Creatures
  Pikel (D:7)
  Psyche (D:8)
  4 yaks (D:9)
  2 vampire mosquitoes (D:9)
  A hornet zombie (D:7)
  A water moccasin (D:8)
  An orc warrior (D:9)
  2 sky beasts (D:7)
  A necrophage (D:6)
  3 black bears (D:7)
  An ice beast (D:7)
  A centaur (D:9)
  3 lemures (D:8)
  A kobold brigand (D:9)
  A gnoll sergeant (D:6)
  2 wyvern zombies
  4 bullfrogs
  2 wyvern skeletons
  4 howler monkeys
  2 orc priests (D:9)
  3 hounds
  A jelly (D:6)
  5 orc wizards
  12 gnolls
  8 adders
  A shadow imp (D:7)
  A white imp (D:5)
  An ufetubus (D:4)
  4 dart slugs
  20 orcs
  8 ball pythons
  7 endoplasms
  4 giant cockroaches
  10 goblins
  12 hobgoblins
  4 jackals (D:5)
  3 quokkas
  4 bats
  A frilled lizard (D:2)
  18 kobolds
  7 rats
172 creatures vanquished.

Vanquished Creatures (others)
  22 fungi (D:4)
  A plant (D:9)
23 creatures vanquished.

Grand Total: 195 creatures vanquished

Notes
Turn   | Place    | Note
-------+----------+-------------------------------------------
     0 | D:1      | Peloso the Minotaur Fighter began the quest for the Orb.
     0 | D:1      | Reached XP level 1. HP: 19/19 MP: 0/0
   336 | D:1      | Reached XP level 2. HP: 24/27 MP: 1/1
   751 | D:1      | Reached XP level 3. HP: 33/33 MP: 2/2
   983 | D:2      | Reached skill level 3 in Long Blades
  1758 | D:3      | Reached XP level 4. HP: 40/40 MP: 3/3
  2613 | D:4      | Reached skill level 4 in Long Blades
  2735 | D:4      | Reached skill level 1 in Dodging
  2738 | D:4      | Reached XP level 5. HP: 37/47 MP: 4/4
  3471 | D:5      | Entered Level 5 of the Dungeon
  3490 | D:5      | Reached skill level 5 in Armour
  4220 | D:5      | Identified the +5 hand crossbow "Vaejal" {venom, rElec rF+
                  | Dex-4}
  4531 | D:6      | Reached XP level 6. HP: 42/53 MP: 5/5
  4541 | D:6      | Reached skill level 5 in Long Blades
  4996 | D:6      | Reached skill level 5 in Shields
  5113 | D:6      | Reached XP level 7. HP: 37/60 MP: 6/6
  5378 | D:6      | Reached skill level 5 in Fighting
  5378 | D:6      | Reached skill level 6 in Long Blades
  5518 | D:6      | Found a staircase to the Ecumenical Temple.
  6006 | Temple   | Entered the Ecumenical Temple
  6312 | D:7      | Reached skill level 7 in Long Blades
  6312 | D:7      | Reached XP level 8. HP: 39/70 MP: 7/7
  6925 | D:7      | Found the +7 staff of the Meek {protect, meekguard}
  7021 | D:7      | Reached skill level 8 in Long Blades
  7163 | D:7      | Found Sipi's Armour Shop.
  8031 | D:8      | Noticed Pikel
  8062 | D:7      | Killed Pikel
  8063 | D:7      | Reached skill level 9 in Long Blades
  8063 | D:7      | Reached XP level 9. HP: 61/78 MP: 8/8
  8364 | D:8      | Noticed Psyche
  8372 | D:8      | Killed Psyche
  8564 | D:8      | Noticed Harold
  8653 | D:9      | Reached skill level 10 in Long Blades
  9114 | D:9      | Reached skill level 10 in Armour
  9159 | D:9      | Found a shadowy altar of Dithmenos.
  9162 | D:9      | Found an iron altar of Okawaru.
  9166 | D:9      | Found an opulent altar of Gozag.
  9170 | D:9      | Found a snail-covered altar of Cheibriados.
  9175 | D:9      | Became a worshipper of Warmaster Okawaru
  9177 | D:9      | Found an ornate altar of the Wu Jian Council.
  9177 | D:9      | Found a shimmering blue altar of Sif Muna.
  9179 | D:9      | Found a broken altar of Ashenzari.
  9184 | D:9      | Found a blossoming altar of Fedhas.
  9293 | D:9      | Found a runed translucent gate.
  9293 | D:9      | Found a runed translucent gate.
  9293 | D:9      | Found a runed translucent gate.
  9307 | D:9      | Noticed a spectral centaur warrior
  9307 | D:9      | Noticed Sobaton's ghost (novice MiFi)
  9413 | D:9      | Found a staircase to the Lair.
  9531 | D:9      | Reached XP level 10. HP: 45/88 MP: 9/9
  9540 | D:9      | Reached skill level 11 in Long Blades
  9773 | D:9      | Noticed a necromancer
  9789 | D:9      | HP: 3/86 [polar bear simulacrum (11)]
  9789 | D:9      | Mangled by a polar bear simulacrum

Illustrated notes

Levels and vault maps discovered:
D:1:      dpeg_arrival_tiny_i, layout_basic, hangedman_decor_peaks_small
D:2:      layout_basic
D:3:      layout_loops_cross, minmay_misc_feat_roman, minmay_goblin_kobold_house
D:4:      layout_basic, serial_aquarium, aquarium_bridge_long_separate
          [aquarium_subvault_window, aquarium_subvault_bridge,
          aquarium_subvault_bridge, aquarium_subvault_window,
          aquarium_subvault_bridge, aquarium_subvault_bridge],
          aquarium_bridge_square [aquarium_subvault_bridge,
          aquarium_subvault_wall, aquarium_subvault_bridge,
          aquarium_subvault_bridge], aquarium_window_1, aquarium_window_1,
          aquarium_window_2, aquarium_view_4, aquarium_balcony_double_4
D:5:      layout_basic
D:6:      layout_basic, temple_hall
D:7:      layout_loops_corners, serial_shops, shop, serial_park_tiny_pond
D:8:      layout_loops_ring, grunt_temple_overflow_order_and_chaos_2,
          uniq_harold, uniq_erica, uniq_psyche, uniq_pikel
D:9:      layout_rooms, nicolae_overflow_hallway_of_the_gods, lair_entry_dummy,
          gammafunk_ghost_necromancy, grunt_ministairs_12,
          eino_house_with_fridge
Temple:   minmay_temple_bridge_abc

Skill      XL: |  1  2  3  4  5  6  7  8  9 10 |
---------------+-------------------------------+-----
Armour         | 4 5 6 7 9 10 | 10.6
Fighting       | 4 5 6 8 |  8.0
Shields        | 4 5 6 |  6.2
Long Blades    | 3 4 5 7 9 10 11 | 11.0
Dodging        | 1 |  1.9
Stealth        | |  0.3
Evocations     | |  0.6

Action                   |  1- 3 |  4- 6 |  7- 9 | 10-12 || total
-------------------------+-------+-------+-------+-------++-------
Melee: Long sword        |    68 |   180 |   311 |    22 ||   581
       Headbutt          |     8 |    28 |    77 |     3 ||   116
Evoke: Wand              |       |     2 |     3 |       ||     5
  Use: Scroll            |       |     9 |     1 |       ||    10
       Potion            |       |     2 |       |     2 ||     4
Armor: Scale mail        |    34 |    26 |       |       ||    60
       Plate armour      |       |    72 |   214 |    14 ||   300
Dodge: Dodged            |    39 |    69 |    88 |     5 ||   201
Block: Buckler           |    12 |    48 |    55 |     5 ||   120
